 Dungeon Crawl Stone Soup version 0.22-a0-538-g76cc104 (webtiles) character file.

21 Amnesiac the Magician (level 2, -6/13 HPs)
             Began as a Spriggan Wanderer on June 23, 2018.
             Mangled by a kobold
             ... wielding a +0 whip
              (7 damage)
             ... on level 2 of the Dungeon.
             The game lasted 00:02:54 (973 turns).

Amnesiac the Magician (Spriggan Wanderer)            Turns: 973, Time: 00:02:55

Health: -6/13      AC:  2    Str:  8    XL:     2   Next: 62%
Magic:  8/8        EV: 15    Int: 12    God:
Gold:   42         SH:  0    Dex: 16    Spells: 8/9 levels left

rFire    . . .     SeeInvis +   e - +0 dagger
rCold    . . .     Gourm    .   (shield restricted)
rNeg     . . .     Faith    .   d - +0 robe
rPois    .         Spirit   .   (helmet restricted)
rElec    .         Reflect  .   (no cloak)
rCorr    .         Harm     .   (gloves unavailable)
MR       .....                  (boots unavailable)
Stlth    +.........             (no amulet)
HPRegen  0.04/turn              (no ring)
MPRegen  0.11/turn              (no ring)

@: very quick
A: very small, unfitting armour, see invisible, herbivore, speed 3, slow
metabolism 2
a: no special abilities


You were on level 2 of the Dungeon.
You were not hungry.

You visited 1 branch of the dungeon, and saw 3 of its levels.

You collected 42 gold pieces.

Inventory:

Hand Weapons
 e - a +0 dagger (weapon)
Armour
 d - a +0 robe (worn)
Scrolls
 b - 2 scrolls of remove curse {!r, unknown}
Miscellaneous
 a - a lamp of fire (inert)
Comestibles
 f - a ration


   Skills:
 - Level 1.0 Throwing
 - Level 4.0 Spellcasting
   Level 1.3 Transmutations
   Level 4.0 Poison Magic
 + Level 3.6 Evocations


You had 8 spell levels left.
You knew the following spells:

 Your Spells              Type           Power        Failure   Level  Hunger
z - Confusing Touch       Hex            #.....       22%         1    #......

Your spell library contained the following spells:

 Spells                   Type           Power        Failure   Level  Hunger
 Ignite Poison            Fire/Tmut/Pois #.......     32%         3    ###....
 Inner Flame              Hex/Fire       #.......     54%         3    ###....
 Beastly Appendage        Tmut           #.....       13%         1    #......


Dungeon Overview and Level Annotations

Branches:
Dungeon (3/15)

Altars:


Innate Abilities, Weirdness & Mutations

You are very small and have problems with some larger weapons.
You are too small for most types of armour.
You have supernaturally acute eyesight. (SInv)
You are a herbivore.
You cover ground extremely quickly.
You need to consume almost no food.


Message History

The giant cockroach barely misses you. The kobold barely misses you.
There is an escape hatch in the ceiling here.
The kobold misses you. A mysterious force pulls you upwards.
The hatch slams shut behind you.
A bat comes into view.
Found a stone staircase leading down.
The bat barely misses you. The bat hits you but does no damage.
The bat hits you but does no damage. The bat barely misses you.
The bat misses you. The bat completely misses you.
You barely miss the bat. The bat closely misses you.
The bat hits you but does no damage.
You hit the bat.
The bat is moderately wounded.
The bat hits you but does no damage.
You hit the bat but do no damage.
The bat is moderately wounded.
The bat hits you.
Evoke which item? (* to show all) (? for menu, Esc to quit)
Okay, then.
You hit the bat.
The bat is moderately wounded.
The bat hits you but does no damage. The bat hits you.
You barely miss the bat.
The bat is moderately wounded.
The bat misses you. The bat closely misses you.
You closely miss the bat.
The bat is moderately wounded.
The bat barely misses you.
You miss the bat.
The bat is moderately wounded.
The bat misses you.
You hit the bat but do no damage.
The bat is moderately wounded.
The bat closely misses you.
You completely miss the bat.
The bat is moderately wounded.
The bat misses you. The bat hits you.
You closely miss the bat.
The bat is moderately wounded.
The bat misses you. The bat hits you but does no damage.
You hit the bat but do no damage.
The bat is moderately wounded.
The bat hits you. The bat barely misses you.
You hit the bat.
The bat is heavily wounded.
The bat closely misses you.
You hit the bat.
You kill the bat!
You hit the kobold but do no damage. The kobold barely misses you.
You closely miss the kobold. The kobold misses you.
You hit the kobold but do no damage. The kobold barely misses you.
You hit the kobold.
The kobold is moderately wounded.
The kobold hits you with a whip.
* * * LOW HITPOINT WARNING * * *
You closely miss the kobold.
The kobold is moderately wounded.
The kobold hits you with a whip!
Ouch! That really hurt!
You die...

.#.. ...# #..#
# #..#..#
##..#..#
...#..#
########.##..#
#..@K........#
#.#######.#..#
# #....#
####...##
#.......#
#....>..#
#.......#
#.........
#..........


You could see a kobold.

Vanquished Creatures
  An ooze (D:1)
  2 dart slugs (D:1)
  4 bats
  A goblin (D:1)
  A hobgoblin (D:2)
  A kobold (D:1)
  A quokka (D:2)
  A rat (D:1)
12 creatures vanquished.

Notes
Turn   | Place    | Note
-------+----------+-------------------------------------------
     0 | D:1      | Amnesiac the Spriggan Wanderer began the quest for the Orb.
     0 | D:1      | Amnesiac set off with: a lamp of fire, a +0 robe, a +0 dagger, a ration
     0 | D:1      | Reached XP level 1. HP: 9/9 MP: 6/6
     2 | D:1      | Learned a level 1 spell: Confusing Touch
   155 | D:1      | Reached XP level 2. HP: 5/13 MP: 8/8
   937 | D:3      | Noticed a two-headed ogre
   973 | D:2      | Mangled by a kobold

Vault maps used:
D:1:      ncdulo_watergridlock
D:3:      lemuel_coloured_pillars_altar

Skill      XL: |  1 |
---------------+----+-----
Evocations     | 3 |  3.6
Throwing       | |  1.0
Spellcasting   | |  4.0
Transmutations | |  1.3
Poison Magic   | |  4.0

Action                   || total
-------------------------++-------
Melee: Dagger            ||    95
Evoke: Lamp of fire      ||     1
Armor: Robe              ||    22
Dodge: Dodged            ||   100

Table legend:
 A = Spawn XP
 B = Non-spawn XP
 C = Spawn XP percentage of total XP
 D = Spawn monster count
 E = Non-spawn monster count
 F = Spawn count percentage of total count
 G = Total turns spent on level
                    A         B        C        D         E        F      G
               +---------+---------+-------+---------+---------+-------+---------
         Total |       0 |      30 |   0.0 |       0 |      12 |   0.0 |   973
               +---------+---------+-------+---------+---------+-------+---------
           D:1 |       0 |      23 |   0.0 |       0 |       8 |   0.0 |   742
           D:2 |       0 |       6 |   0.0 |       0 |       3 |   0.0 |   214
           D:3 |       0 |       1 |   0.0 |       0 |       1 |   0.0 |    17
               +---------+---------+-------+---------+---------+-------+---------
